 Dungeon Crawl Stone Soup version 0.26.1-16-g4e020e15dc (webtiles) character file.

Game seed: 7791663291842506525

233 Froggeryz the Insei (level 5, -2/42 HPs)
             Began as a Draconian Transmuter on Mar 1, 2024.
             Slain by an orc
             ... wielding a +0 whip
              (3 damage)
             ... on level 4 of the Dungeon.
             The game lasted 00:03:05 (5242 turns).

Froggeryz the Insei (Draconian Transmuter)          Turns: 5242, Time: 00:03:06

Health: -2/42      AC:  6    Str: 12    XL:     5   Next: 75%
Magic:  7/8        EV: 12    Int: 14    God:
Gold:   214        SH:  0    Dex: 12    Spells: 7/8 levels left

rFire    . . .     SeeInvis .     - Unarmed
rCold    . . .     Faith    .   (no shield)
rNeg     . . .     Spirit   .   (armour unavailable)
rPois    .         Reflect  .   (helmet currently unavailable)
rElec    .         Harm     .   j - +0 cloak
rCorr    .         Rampage  .   (no gloves)
Will     .....                  (boots currently unavailable)
Stlth    +.........             (no amulet)
HPRegen  0.14/turn              (no ring)
MPRegen  0.11/turn              (no ring)

@: appendages (expiring)
A: unfitting armour, horns 2, talons 2, cold-blooded, AC +5
a: End Transformation


You were on level 4 of the Dungeon.
You had grown temporary horns.
You had grown temporary talons.
You visited 1 branch of the dungeon, and saw 4 of its levels.

You collected 214 gold pieces.

Inventory:

Missiles
 d - 12 poisoned darts (quivered)
Armour
 j - a +0 cloak (worn)
Scrolls
 f - 2 scrolls of identify {unknown}
 h - 2 scrolls of teleportation {unknown}
 i - a scroll of random uselessness {unknown}
Potions
 a - 2 potions of lignification {unknown}
 b - 2 potions of heal wounds {unknown}
 c - a potion of haste {unknown}
 e - 4 potions of curing {unknown}
 g - a potion of degeneration {unknown}


   Skills:
 + Level 2.4 Fighting
 - Level 1.7 Dodging
 * Level 6.1 Unarmed Combat
 - Level 2.0 Spellcasting
 - Level 2.0 Transmutations


You had 7 spell levels left.
You knew the following spells:

 Your Spells              Type           Power        Failure   Level
a - Beastly Appendage     Tmut           14%          11%         1

Your spell library contained the following spells:

 Spells                   Type           Power        Failure   Level
 Wereblood                Tmut           7%           16%         2
 Spider Form              Tmut/Pois      2%           43%         3
 Ice Form                 Ice/Tmut       4%           83%         4
 Blade Hands              Tmut           3%           96%         5


Dungeon Overview and Level Annotations

Branches:
Dungeon (4/15)
 Temple: D:4-7

Altars:
Hepliaklqana
Yredelemnul
Zin


Innate Abilities, Weirdness & Mutations

Your plain brown scales are hard. (AC +5)
You cannot fit into any form of body armour.
You are cold-blooded and may be slowed by cold attacks.
You have a pair of horns on your head.
You have razor-sharp toenails.


Message History

The orc misses you.
You closely miss the orc. Your headbutt misses the orc.
Your tail-slap misses the orc.
The orc closely misses you. The orc hits you with a +0 whip.
* * * LOW HITPOINT WARNING * * *
You closely miss the orc. You claw the orc.
The orc is moderately wounded.
Your transformation is almost over.
The orc barely misses you. The orc closely misses you.
You closely miss the orc. Your kick misses the orc.
Your headbutt misses the orc.
Your tail-slap misses the orc.
The orc is moderately wounded.
The orc hits you with a +0 whip.
* * * LOW HITPOINT WARNING * * *
The orc barely misses you.
You hit the orc but do no damage. Your kick misses the orc.
Your tail-slap misses the orc.
The orc is moderately wounded.
The orc hits you with a +0 whip.
You die...

#.#
####...##
#.###...####
#.##.....#
#........#
##......♣♣
#.......♣
##....._♣
#......♣
#..@o.♣.#
##..o.♣##
#.....#
.#...##
.......
...######
##. #.


You could see 2 orcs.

Vanquished Creatures
  Crazy Yiuf (D:3)
  An orc wizard (D:4)
  A worker ant (D:4)
  Robin (D:2)
  5 adders
  An ooze (D:3)
  2 worms
  4 dart slugs
  A leopard gecko (D:2)
  An orc (D:4)
  6 giant cockroaches
  17 goblins
  9 hobgoblins
  A quokka (D:3)
  6 bats
  6 frilled lizards
  8 kobolds
  9 rats
80 creatures vanquished.

Notes
Turn   | Place    | Note
-------+----------+-------------------------------------------
     0 | D:1      | Froggeryz the Draconian Transmuter began the quest for the
                  | Orb.
     0 | D:1      | Reached XP level 1. HP: 16/16 MP: 3/3
   386 | D:1      | Reached XP level 2. HP: 6/23 MP: 3/5
  1016 | D:1      | Reached skill level 4 in Unarmed Combat
  1423 | D:2      | Reached XP level 3. HP: 27/28 MP: 6/6
  2320 | D:2      | Reached skill level 5 in Unarmed Combat
  2320 | D:2      | Reached XP level 4. HP: 16/35 MP: 7/7
  3645 | D:3      | Noticed Robin
  3979 | D:2      | Killed Robin
  4210 | D:3      | Found a hazy altar of Hepliaklqana.
  4329 | D:3      | Found a faded altar of an unknown god.
  4341 | D:3      | Found a basalt altar of Yredelemnul.
  4379 | D:3      | Reached XP level 5. HP: 33/41 MP: 6/8
  4564 | D:3      | Found a runed translucent door.
  4565 | D:3      | Noticed Crazy Yiuf
  4792 | D:3      | Paralysed by Crazy Yiuf for 6 turns
  4805 | D:3      | HP: 2/41 [Crazy Yiuf/+4 quarterstaff of chaos (2)]
  4806 | D:3      | Killed Crazy Yiuf
  5141 | D:4      | Reached skill level 6 in Unarmed Combat
  5208 | D:4      | Found a glowing silver altar of Zin.
  5241 | D:4      | HP: 1/42 [orc/+0 whip (4)]
  5242 | D:4      | Slain by an orc

Illustrated notes

Levels and vault maps discovered:
D:1:      minmay_arrival_checkered_box, layout_loops_corners,
          minmay_misc_feat_tiny
D:2:      layout_loops_corners, kennysheep_generic_room_8
D:3:      minmay_door_path, layout_loops_corners, nzn_hepliaklqana_mist_gate,
          nicolae_overflow_hidden_temple, chequers_ecumenical_altar_island,
          corexii_leaking_fountain, minmay_misc_feat_roman, uniq_robin,
          uniq_crazy_yiuf_cottage
D:4:      layout_loops_ring, zin_academy, grunt_qazlal_sundering,
          amethyst_overflow_temple_binary

Skill      XL: |  1  2  3  4  5 |
---------------+----------------+-----
Unarmed Combat | 4 5 6 |  6.1
Fighting       | 2 |  2.4
Dodging        | |  1.7
Spellcasting   | |  2.0
Transmutations | |  2.0

Action                   |  1- 3 |  4- 6 || total
-------------------------+-------+-------++-------
Melee: Unarmed           |   156 |   130 ||   286
       Kick              |     2 |     8 ||    10
       Tailslap          |    12 |    11 ||    23
       Headbutt          |     1 |     4 ||     5
       Punch             |     1 |     4 ||     5
 Cast: Beastly Appendage |     3 |     6 ||     9
 Stab: Sleeping          |     1 |       ||     1
Armor: Skin              |    41 |    29 ||    70
Dodge: Dodged            |    85 |    85 ||   170
